 Dungeon Crawl Stone Soup version 0.28.0-56-g4927b6849a (webtiles) character file.

Game seed: 16495804247380078747

81 Atelerd the Digger (level 4, -3/27 HPs)
             Began as an Octopode Earth Elementalist on Feb 1, 2023.
             Was an Initiate of Sif Muna.
             Slain by a gnoll
             ... wielding a +0 halberd
              (15 damage)
             ... on level 4 of the Dungeon.
             The game lasted 00:03:44 (2536 turns).

Atelerd the Digger (Octopode Earth Elementalist)    Turns: 2536, Time: 00:03:45

Health: -3/27      AC:  1    Str:  7    XL:     4   Next: 42%
Magic:  4/8        EV: 13    Int: 19    God:    Sif Muna [......]
Gold:   143        SH:  0    Dex: 12    Spells: 7/8 levels left

rFire   . . .      SeeInvis .   f - +0 short sword
rCold   . . .      Faith    .   (no shield)
rNeg    . . .      Spirit   .   (helmet restricted)
rPois   .          Reflect  .   e - amulet of the acrobat
rElec   .          Harm     .   (no ring)
rCorr   .          Rampage  .   (no ring)
Will    .....                   (no ring)
Stlth   +++.......              (no ring)
HPRegen 0.09/turn               (no ring)
MPRegen 0.11/turn               (no ring)
                                (no ring)
                                (no ring)

@: no status effects
A: almost no armour, amphibious, 8 rings, camouflage 1, gelatinous body 1,
(nimble swimmer 1), tentacles
a: Renounce Religion


You were on level 4 of the Dungeon.
You worshipped Sif Muna.
Sif Muna was noncommittal.
You visited 2 branches of the dungeon, and saw 5 of its levels.

You collected 143 gold pieces.

Inventory:

Hand Weapons
 f - a +0 short sword (weapon)
Missiles
 a - a throwing net
 b - 60 stones
Jewellery
 e - an amulet of the acrobat (around mantle)
 i - an amulet of reflection
Wands
 n - a wand of paralysis (9)
Scrolls
 c - 2 scrolls of identify {unknown}
 d - a scroll of teleportation {unknown}
 g - a scroll of fear {unknown}
 j - a scroll of amnesia {unknown}
 l - a scroll of fog {unknown}
Potions
 h - a potion of might {unknown}
 k - a potion of brilliance {unknown}
 m - 2 potions of heal wounds {unknown}
 o - 2 potions of mutation {unknown}


   Skills:
 + Level 0.1 Fighting
 + Level 1.0 Short Blades
 - Level 2.0 Dodging
 + Level 3.6 Stealth
 + Level 2.7 Spellcasting
 * Level 1.4 Transmutations
 + Level 3.8 Earth Magic


You had 7 spell levels left.
You knew the following spells:

 Your Spells              Type           Power      Damage    Failure   Level
a - Sandblast             Erth           34%        2d9       3%          1

Your spell library contained the following spells:

 Spells                   Type           Power      Damage    Failure   Level
 Passwall                 Tmut/Erth      10%        N/A       9%          2
 Stone Arrow              Conj/Erth      18%        3d8       22%         3
 Petrify                  Tmut/Erth      12%        N/A       47%         4


Dungeon Overview and Level Annotations

Branches:
Dungeon (4/15)             Temple (1/1) D:4

Altars:
Ashenzari
Elyvilon
Gozag
Kikubaaqudgha
Sif Muna
Uskayaw
Xom
Yredelemnul

Shops:
D:2 [

Annotations:
D:2 Terence


Innate Abilities, Weirdness & Mutations

You cannot wear most types of armour.
You are amphibious.
You can wear up to eight rings at the same time.
Your skin changes colour to match your surroundings (Stealth+).
Your rubbery body absorbs attacks. (AC +1, EV +1)
((You are camouflaged when in or above water. (Stealth+)))
You have tentacles for arms and can constrict up to eight enemies at once.


Message History

Sif Muna accepts your kill.
Your Short Blades skill increases to level 1!
HP restored.
Key pressed, stopping explore.
Magic restored.
You see here a +0 flail.
Things that are here:
a +0 halberd; a gnoll corpse A gnoll is nearby!
A gnoll is nearby!
A gnoll is nearby!
A gnoll is nearby!
You can't see any susceptible monsters within range! (Use Z to cast anyway.)
What are your orders? t - Shout!
Orders for allies: a - Attack new target. r - Retreat! s - Stop attacking. g - Guard the area. f - Follow me.
Anything else - Cancel.
You shout for attention!
You hear a shout!
A gnoll is nearby!
You can't see any susceptible monsters within range! (Use Z to cast anyway.)
The blast of sand misses the gnoll.
The blast of sand hits the gnoll but does no damage.
The gnoll hits you from afar with a +0 halberd!
The blast of sand hits the gnoll!
The gnoll is severely wounded.
The gnoll hits you from afar with a +0 halberd!
You are too injured to fight recklessly!
You are too injured to fight recklessly!
Casting: Sandblast (safe; 3% risk of failure)
Confirm with . or Enter, or press ? or * to list all spells.
Aiming: Sandblast (safe; 3% risk of failure)
Press: ? - help, Shift-Dir - straight line, f/p - gnoll
Aim: a gnoll, wielding a +0 halberd (severely wounded, 82% to hit)
The blast of sand hits the gnoll.
The gnoll is severely wounded.
The gnoll hits you from afar with a +0 halberd!
Ouch! That really hurt!
You die...

# .# ###. #.. #.#
#.#####.#####.#
############..g.@........#
#.....))...#######.######
..########.........# ###
########### #


You could see a gnoll.

Vanquished Creatures
  2 gnolls (D:4)
  An adder (D:2)
  An adder skeleton (D:4)
  3 dart slugs
  An orc (D:3)
  A bat (D:1)
  An endoplasm (D:4)
  2 giant cockroaches
  3 goblins
  5 hobgoblins
  9 jackals
  A kobold (D:2)
  3 quokkas
  2 ball pythons (D:4)
  2 frilled lizards
  A rat (D:1)
38 creatures vanquished.

Notes
Turn   | Place    | Note
-------+----------+-------------------------------------------
     0 | D:1      | Atelerd the Octopode Earth Elementalist began the quest for
                  | the Orb.
     0 | D:1      | Reached XP level 1. HP: 11/11 MP: 3/3
   522 | D:1      | Reached XP level 2. HP: 17/17 MP: 1/5
  1407 | D:2      | Found a faded altar of an unknown god.
  1410 | D:2      | Reached XP level 3. HP: 16/21 MP: 4/6
  1517 | D:2      | Found Dawijiet's Armour Emporium.
  1586 | D:2      | Noticed Terence
  1798 | D:3      | Found a white marble altar of Elyvilon.
  2141 | D:4      | Found a staircase to the Ecumenical Temple.
  2171 | Temple   | Entered the Ecumenical Temple
  2248 | Temple   | Became a worshipper of Sif Muna the Loreminder
  2300 | D:4      | Reached XP level 4. HP: 26/27 MP: 5/7
  2484 | D:4      | Reached skill level 1 in Short Blades
  2536 | D:4      | Slain by a gnoll

Illustrated notes

Levels and vault maps discovered:
D:1:      heliophobic_arrival_dark_side_of_the_moon, layout_basic
D:2:      layout_basic, serial_shops, shop, ebering_ecumenical_altar_petrified,
          uniq_terence
D:3:      layout_basic, elyvilon_altar_3, uniq_grinder
D:4:      layout_loops_ring, minmay_temple_entry_statues
Temple:   jpeg_temple_clearing

Skill      XL: |  1  2  3  4 |
---------------+-------------+-----
Stealth        | 3 |  3.6
Short Blades   | 1 |  1.0
Fighting       | |  0.1
Dodging        | |  2.0
Spellcasting   | |  2.7
Transmutations | |  1.4
Earth Magic    | |  3.8

Action                   |  1- 3 |  4- 6 || total
-------------------------+-------+-------++-------
Melee: Unarmed           |     9 |       ||     9
       Constrict         |    12 |       ||    12
       Short sword       |    26 |     1 ||    27
       Tentacles         |     5 |       ||     5
       Punch             |     2 |       ||     2
 Cast: Sandblast         |    36 |    10 ||    46
 Stab: Sleeping          |     4 |     1 ||     5
Armor: Skin              |     1 |       ||     1
Dodge: Dodged            |    44 |     4 ||    48
